[ AOE2 MATCH · #482004292 ]
UnrankedBengalis vs Portuguese
[ REPLAY ANALYSIS · EXTRACTED FROM THE RECORDED GAME ]
Feudal
—
Castle
—
Imperial
—
| APM avg | 16.6 |
| APM peak | 45 |
| eAPM avg | 13.9 |
| Villagers / military | 125 / 79 |
Focus
⚔️ 29.3% · 🌾 70.7%
Ratha (Ranged) ×31 · Skirmisher ×13 · Battle Elephant ×10 · Spearman ×9 · Trebuchet (Packed) ×6 · Monk ×5
Feudal
12:53
Castle
18:48
Imperial
30:52
| APM avg | 20.3 |
| APM peak | 43 |
| eAPM avg | 12.6 |
| Villagers / military | 66 / 32 |
Focus
⚔️ 28.3% · 🌾 71.7%
Composite Bowman ×27 · Trebuchet (Packed) ×4 · Battering Ram ×1
Feudal
14:10
Castle
22:39
Imperial
32:53
| APM avg | 17.8 |
| APM peak | 45 |
| eAPM avg | 10.6 |
| Villagers / military | 52 / 6 |
Focus
⚔️ 21.8% · 🌾 78.2%
Fishing Ship ×4 · Bombard Cannon ×3 · Monk ×1 · Mangonel ×1 · Organ Gun ×1
Feudal
21:41
Castle
28:10
Imperial
34:12
| APM avg | 23.1 |
| APM peak | 98 |
| eAPM avg | 11.6 |
| Villagers / military | 92 / 10 |
Focus
⚔️ 19.4% · 🌾 80.6%
Hand Cannoneer ×10 · Fishing Ship ×4 · Trade Cart ×2
Feudal
11:06
Castle
18:28
Imperial
32:11
| APM avg | 17.3 |
| APM peak | 37 |
| eAPM avg | 12.5 |
| Villagers / military | 103 / 141 |
Focus
⚔️ 20.4% · 🌾 79.6%
Kamayuk ×131 · Trade Cart ×21 · Fishing Ship ×10 · Demolition Raft ×5 · Trebuchet (Packed) ×5
Feudal
13:44
Castle
19:56
Imperial
37:06
| APM avg | 22.1 |
| APM peak | 56 |
| eAPM avg | 17.5 |
| Villagers / military | 123 / 13 |
Focus
⚔️ 14.3% · 🌾 85.7%
Mangudai ×6 · Fishing Ship ×4 · Monk ×3 · Mangonel ×3 · Trade Cart ×1 · Battering Ram ×1
Match map
Initial resources + every placement click. Lines = walls · curves = elevation contours. ◆ gold · ⬟ stone · ● berries · ✦ relic · ◌ wall gap
Your base· ✓ Closed at 19:11 · 17t walls · 1 gate(s)
MurallaMuerta's base· ✓ Closed at 18:48 · 0t walls · no gate
[Heals] Franz's base· ✓ Closed at 22:39 · 34t walls · no gate
[Heals] Teutonic Fortress's base· ✓ Closed at 28:10 · 0t walls · no gate
sarboyazilim00's base· ✓ Closed at 18:28 · 0t walls · no gate
Emotions are prohibited's base· ✓ Closed at 19:56 · 14t walls · no gate
Smoothed initial terrain · ◌ = detected wall gap · hover for details
Inputs per minute
— mussmaxx - - MurallaMuerta
Build order — mussmaxx
First 150 of 356 actions detected
| 0:05 | Build | House |
| 0:06 | Create | Villager (Male) |
| 0:07 | Research | Loom |
| 0:08 | Create | Villager (Male) |
| 0:08 | Create | Villager (Male) |
| 0:08 | Create | Villager (Male) |
| 0:08 | Create | Villager (Male) |
| 1:16 | Build | House |
| 2:34 | Build | House |
| 3:20 | Build | Palisade Wall |
| 3:35 | Create | Villager (Male) |
| 3:35 | Create | Villager (Male) |
| 3:35 | Create | Villager (Male) |
| 3:36 | Create | Villager (Male) |
| 4:05 | Build | Lumber Camp |
| 4:16 | Create | Villager (Male) |
| 4:17 | Create | Villager (Male) |
| 5:00 | Create | Villager (Male) |
| 5:00 | Create | Villager (Male) |
| 5:00 | Create | Villager (Male) |
| 5:00 | Create | Villager (Male) |
| 5:36 | Create | Villager (Male) |
| 5:36 | Create | Villager (Male) |
| 5:36 | Create | Villager (Male) |
| 5:36 | Create | Villager (Male) |
| 5:41 | Build | House |
| 5:41 | Build | House |
| 6:47 | Create | Villager (Male) |
| 6:47 | Create | Villager (Male) |
| 6:47 | Create | Villager (Male) |
| 7:02 | Build | Mill |
| 7:16 | Build | Mill |
| 7:44 | Create | Villager (Male) |
| 7:44 | Create | Villager (Male) |
| 7:44 | Create | Villager (Male) |
| 7:44 | Create | Villager (Male) |
| 8:41 | Create | Villager (Male) |
| 8:41 | Create | Villager (Male) |
| 8:41 | Create | Villager (Male) |
| 8:41 | Create | Villager (Male) |
| 9:02 | Build | Lumber Camp |
| 9:57 | Create | Villager (Male) |
| 9:57 | Create | Villager (Male) |
| 10:11 | Build | House |
| 10:12 | Build | House |
| 10:35 | Research | Feudal Age |
| 12:34 | Build | Farm |
| 12:40 | Create | Villager (Male) |
| 12:40 | Create | Villager (Male) |
| 12:40 | Create | Villager (Male) |
| 12:40 | Create | Villager (Male) |
| 12:41 | Create | Villager (Male) |
| 12:59 | Research | Horse Collar |
| 13:03 | Research | Double-Bit Axe |
| 13:10 | Build | Mining Camp |
| 13:46 | Build | Farm |
| 13:48 | Build | Farm |
| 13:49 | Build | Farm |
| 13:51 | Build | Farm |
| 14:03 | Build | Farm |
| 14:05 | Build | Farm |
| 14:06 | Build | Farm |
| 14:10 | Create | Villager (Male) |
| 14:42 | Build | Stone Wall |
| 14:46 | Build | Gate |
| 15:02 | Build | Lumber Camp |
| 15:10 | Create | Villager (Male) |
| 15:10 | Create | Villager (Male) |
| 15:10 | Create | Villager (Male) |
| 15:11 | Create | Villager (Male) |
| 15:25 | Build | Barracks |
| 15:51 | Build | Blacksmith |
| 16:02 | Build | Farm |
| 16:22 | Build | Farm |
| 16:23 | Build | Farm |
| 16:25 | Build | Farm |
| 16:28 | Build | Farm |
| 16:29 | Build | Farm |
| 16:40 | Create | Villager (Male) |
| 16:41 | Create | Villager (Male) |
| 16:48 | Build | House |
| 17:03 | Build | House |
| 17:04 | Build | House |
| 17:06 | Build | House |
| 17:39 | Build | House |
| 18:09 | Build | Mining Camp |
| 18:16 | Create | Villager (Male) |
| 18:17 | Create | Villager (Male) |
| 18:22 | Build | Archery Range |
| 18:30 | Create | Villager (Male) |
| 18:31 | Create | Villager (Male) |
| 19:11 | Research | Castle Age |
| 19:17 | Build | Farm |
| 19:19 | Build | Farm |
| 19:25 | Research | Gold Mining |
| 19:29 | Research | Stone Mining |
| 19:37 | Build | House |
| 19:38 | Build | House |
| 19:40 | Build | House |
| 19:41 | Build | House |
| 19:42 | Build | House |
| 19:43 | Build | House |
| 20:52 | Research | Fletching |
| 20:52 | Research | Scale Mail Armor |
| 20:53 | Research | Scale Mail Armor |
| 20:57 | Create | Skirmisher |
| 20:57 | Create | Skirmisher |
| 21:04 | Create | Villager (Male) |
| 21:04 | Create | Villager (Male) |
| 21:04 | Create | Villager (Male) |
| 21:06 | Research | Wheelbarrow |
| 21:07 | Research | Town Watch |
| 21:59 | Research | Heavy Plow |
| 22:03 | Research | Bow Saw |
| 22:11 | Build | Town Center |
| 22:27 | Build | Town Center |
| 22:57 | Build | Stable |
| 23:07 | Build | Monastery |
| 23:48 | Build | Market |
| 23:55 | Build | House |
| 23:56 | Build | House |
| 24:07 | Create | Villager (Male) |
| 24:08 | Create | Villager (Male) |
| 24:08 | Create | Villager (Male) |
| 24:08 | Create | Villager (Male) |
| 24:08 | Create | Villager (Male) |
| 24:09 | Create | Villager (Male) |
| 24:14 | Create | Villager (Male) |
| 24:14 | Create | Villager (Male) |
| 24:14 | Create | Villager (Male) |
| 24:15 | Create | Villager (Male) |
| 24:15 | Create | Villager (Male) |
| 24:15 | Create | Villager (Male) |
| 24:15 | Create | Villager (Male) |
| 24:22 | Create | Monk |
| 24:22 | Create | Monk |
| 24:23 | Research | Fervor |
| 24:34 | Create | Villager (Male) |
| 24:34 | Create | Villager (Male) |
| 24:35 | Create | Villager (Male) |
| 24:37 | Create | Villager (Male) |
| 24:37 | Create | Villager (Male) |
| 24:39 | Create | Villager (Male) |
| 25:07 | Build | Siege Workshop |
| 25:36 | Research | Hand Cart |
| 25:40 | Create | Villager (Male) |
| 25:40 | Create | Villager (Male) |
| 26:00 | Build | Castle |
| 26:06 | Build | Farm |
| 26:08 | Build | Farm |
Build order — MurallaMuerta
First 150 of 174 actions detected
| 0:03 | Create | Villager (Male) |
| 0:03 | Create | Villager (Male) |
| 0:03 | Create | Villager (Male) |
| 0:04 | Build | House |
| 0:06 | Build | House |
| 0:22 | Create | Villager (Male) |
| 0:22 | Create | Villager (Male) |
| 1:30 | Create | Villager (Male) |
| 2:15 | Create | Villager (Male) |
| 2:29 | Research | Loom |
| 2:47 | Create | Villager (Male) |
| 3:01 | Build | House |
| 3:17 | Build | House |
| 3:25 | Create | Villager (Male) |
| 3:38 | Build | Mule Cart |
| 4:43 | Create | Villager (Male) |
| 5:08 | Create | Villager (Male) |
| 5:33 | Create | Villager (Male) |
| 5:34 | Create | Villager (Male) |
| 6:08 | Create | Villager (Male) |
| 6:08 | Create | Villager (Male) |
| 6:47 | Create | Villager (Male) |
| 6:48 | Create | Villager (Male) |
| 7:21 | Build | House |
| 7:25 | Build | Mill |
| 7:32 | Create | Villager (Male) |
| 7:58 | Build | Mule Cart |
| 8:05 | Create | Villager (Male) |
| 8:33 | Create | Villager (Male) |
| 9:01 | Create | Villager (Male) |
| 9:04 | Build | Farm |
| 9:04 | Build | Farm |
| 9:05 | Build | Farm |
| 9:32 | Create | Villager (Male) |
| 9:38 | Build | Farm |
| 9:41 | Build | Farm |
| 9:55 | Build | House |
| 10:14 | Build | Farm |
| 10:26 | Build | Farm |
| 10:43 | Research | Feudal Age |
| 10:44 | Research | Feudal Age |
| 12:08 | Create | Villager (Male) |
| 12:17 | Build | House |
| 12:53 | Age | Feudal Age |
| 12:56 | Create | Villager (Male) |
| 13:08 | Build | Market |
| 13:12 | Build | Blacksmith |
| 13:28 | Build | Watch Tower |
| 13:45 | Create | Villager (Male) |
| 13:52 | Build | Farm |
| 13:53 | Build | Farm |
| 13:54 | Build | Farm |
| 13:55 | Build | Farm |
| 14:49 | Create | Villager (Male) |
| 14:52 | Build | Farm |
| 14:59 | Build | House |
| 15:02 | Build | House |
| 15:34 | Create | Villager (Male) |
| 16:08 | Research | Castle Age |
| 16:08 | Research | Castle Age |
| 16:37 | Research | Double-Bit Axe |
| 17:47 | Research | Fletching |
| 18:07 | Research | Padded Archer Armor |
| 18:38 | Create | Villager (Male) |
| 18:48 | Age | Castle Age |
| 19:46 | Create | Villager (Male) |
| 19:47 | Create | Villager (Male) |
| 20:23 | Create | Villager (Male) |
| 20:28 | Research | Gold Mining |
| 21:05 | Build | Castle |
| 21:29 | Create | Villager (Male) |
| 21:30 | Create | Villager (Male) |
| 21:34 | Build | House |
| 22:19 | Create | Composite Bowman |
| 22:26 | Build | Siege Workshop |
| 23:28 | Create | Villager (Male) |
| 23:30 | Create | Villager (Male) |
| 24:17 | Create | Villager (Male) |
| 24:19 | Create | Villager (Male) |
| 24:23 | Build | Mule Cart |
| 24:31 | Research | Bow Saw |
| 24:39 | Build | House |
| 24:48 | Create | Villager (Male) |
| 25:13 | Build | House |
| 25:21 | Create | Battering Ram |
| 25:24 | Create | Villager (Male) |
| 25:51 | Create | Villager (Male) |
| 26:25 | Create | Villager (Male) |
| 27:00 | Build | Stone Wall |
| 27:07 | Create | Villager (Male) |
| 27:43 | Research | Imperial Age |
| 28:30 | Create | Composite Bowman |
| 28:30 | Create | Composite Bowman |
| 28:30 | Create | Composite Bowman |
| 28:31 | Create | Composite Bowman |
| 28:42 | Build | Town Center |
| 28:57 | Create | Composite Bowman |
| 29:10 | Research | Horse Collar |
| 29:13 | Research | Gold Shaft Mining |
| 29:32 | Build | Stone Wall |
| 29:48 | Create | Composite Bowman |
| 29:50 | Create | Composite Bowman |
| 30:04 | Build | Mule Cart |
| 30:12 | Research | Heavy Plow |
| 30:15 | Create | Villager (Male) |
| 30:52 | Age | Imperial Age |
| 30:53 | Create | Trebuchet (Packed) |
| 30:57 | Create | Villager (Male) |
| 31:00 | Create | Villager (Male) |
| 31:39 | Build | Stone Wall |
| 31:48 | Create | Trebuchet (Packed) |
| 31:50 | Create | Villager (Male) |
| 31:51 | Research | Town Watch |
| 31:54 | Research | Wheelbarrow |
| 32:05 | Create | Trebuchet (Packed) |
| 32:28 | Build | University |
| 32:31 | Create | Villager (Male) |
| 32:33 | Create | Villager (Male) |
| 32:43 | Create | Trebuchet (Packed) |
| 33:08 | Create | Villager (Male) |
| 33:09 | Create | Villager (Male) |
| 33:37 | Create | Villager (Male) |
| 33:38 | Research | Town Watch |
| 34:32 | Build | House |
| 34:41 | Create | Villager (Male) |
| 34:42 | Create | Villager (Male) |
| 34:56 | Create | Composite Bowman |
| 34:57 | Create | Composite Bowman |
| 35:15 | Build | House |
| 35:16 | Build | House |
| 35:16 | Build | House |
| 35:55 | Create | Villager (Male) |
| 35:56 | Create | Villager (Male) |
| 35:59 | Create | Composite Bowman |
| 36:00 | Create | Composite Bowman |
| 36:00 | Create | Composite Bowman |
| 36:00 | Create | Composite Bowman |
| 36:00 | Create | Composite Bowman |
| 36:01 | Create | Composite Bowman |
| 36:01 | Create | Composite Bowman |
| 36:01 | Create | Composite Bowman |
| 36:08 | Research | Chemistry |
| 36:09 | Research | Ballistics |
| 36:12 | Create | Villager (Male) |
| 36:17 | Create | Composite Bowman |
| 36:17 | Create | Composite Bowman |
| 37:09 | Create | Villager (Male) |
| 37:09 | Create | Villager (Male) |
| 37:15 | Build | Mule Cart |
| 37:42 | Build | Town Center |
Build order — [Heals] Franz
First 150 of 162 actions detected
| 0:05 | Build | House |
| 0:05 | Create | Villager (Male) |
| 0:08 | Build | House |
| 0:29 | Create | Villager (Male) |
| 0:38 | Create | Villager (Male) |
| 0:39 | Create | Villager (Male) |
| 1:47 | Research | Loom |
| 2:04 | Create | Villager (Male) |
| 2:04 | Create | Villager (Male) |
| 2:19 | Build | Palisade Wall |
| 2:46 | Create | Villager (Male) |
| 2:46 | Create | Villager (Male) |
| 3:03 | Create | Villager (Male) |
| 3:17 | Build | Lumber Camp |
| 3:38 | Build | Palisade Wall |
| 3:40 | Build | Palisade Wall |
| 3:54 | Create | Villager (Male) |
| 3:56 | Create | Villager (Male) |
| 4:07 | Build | Palisade Wall |
| 4:09 | Build | Palisade Wall |
| 4:22 | Build | Palisade Wall |
| 4:30 | Create | Villager (Male) |
| 4:41 | Build | Palisade Wall |
| 4:45 | Build | Palisade Wall |
| 5:23 | Create | Villager (Male) |
| 5:50 | Build | House |
| 5:52 | Create | Villager (Male) |
| 6:50 | Create | Villager (Male) |
| 6:50 | Create | Villager (Male) |
| 7:29 | Create | Villager (Male) |
| 7:47 | Build | Palisade Wall |
| 7:49 | Build | Palisade Wall |
| 7:51 | Create | Villager (Male) |
| 8:33 | Build | Mill |
| 8:33 | Create | Villager (Male) |
| 8:34 | Create | Villager (Male) |
| 8:34 | Create | Villager (Male) |
| 8:57 | Build | House |
| 9:38 | Create | Villager (Male) |
| 9:51 | Build | Dock |
| 10:15 | Build | Palisade Wall |
| 10:17 | Build | Palisade Wall |
| 10:33 | Create | Villager (Male) |
| 10:47 | Create | Fishing Ship |
| 10:48 | Create | Fishing Ship |
| 11:10 | Create | Villager (Male) |
| 11:25 | Create | Fishing Ship |
| 11:29 | Build | Mining Camp |
| 11:40 | Build | House |
| 12:00 | Research | Feudal Age |
| 12:12 | Build | Palisade Wall |
| 12:17 | Build | Palisade Wall |
| 12:19 | Build | Palisade Wall |
| 12:22 | Build | Palisade Wall |
| 12:39 | Create | Fishing Ship |
| 13:08 | Build | Outpost |
| 13:47 | Create | Villager (Male) |
| 13:52 | Build | Mining Camp |
| 13:58 | Build | House |
| 14:03 | Build | House |
| 14:10 | Age | Feudal Age |
| 14:18 | Build | Watch Tower |
| 14:25 | Build | Blacksmith |
| 14:39 | Build | Stone Wall |
| 14:41 | Build | Stone Wall |
| 14:47 | Create | Villager (Male) |
| 14:58 | Build | Lumber Camp |
| 15:02 | Research | Horse Collar |
| 15:06 | Build | Farm |
| 15:06 | Build | Farm |
| 15:06 | Build | Farm |
| 15:06 | Build | Farm |
| 15:22 | Create | Villager (Male) |
| 15:26 | Build | Stone Wall |
| 15:35 | Research | Fletching |
| 15:47 | Create | Villager (Male) |
| 16:16 | Create | Villager (Male) |
| 16:20 | Create | Villager (Male) |
| 16:38 | Create | Villager (Male) |
| 17:03 | Build | Market |
| 17:04 | Build | Palisade Wall |
| 17:32 | Create | Villager (Male) |
| 18:00 | Create | Villager (Male) |
| 18:03 | Build | House |
| 18:15 | Build | Farm |
| 18:17 | Build | Farm |
| 18:19 | Build | Farm |
| 18:35 | Build | Farm |
| 18:36 | Build | Farm |
| 18:46 | Build | Farm |
| 18:48 | Create | Villager (Male) |
| 19:13 | Create | Villager (Male) |
| 19:59 | Research | Castle Age |
| 20:52 | Create | Villager (Male) |
| 21:27 | Research | Stone Mining |
| 21:34 | Research | Double-Bit Axe |
| 21:35 | Research | Double-Bit Axe |
| 22:39 | Age | Castle Age |
| 22:50 | Build | Castle |
| 22:56 | Build | Siege Workshop |
| 22:59 | Create | Villager (Male) |
| 23:09 | Research | Bow Saw |
| 23:34 | Create | Villager (Male) |
| 23:37 | Build | House |
| 23:47 | Build | House |
| 23:56 | Create | Organ Gun |
| 24:19 | Create | Villager (Male) |
| 24:46 | Create | Villager (Male) |
| 24:53 | Research | Gold Mining |
| 24:53 | Research | Gold Mining |
| 25:11 | Create | Mangonel |
| 25:15 | Create | Villager (Male) |
| 25:20 | Build | Monastery |
| 25:28 | Build | Farm |
| 25:28 | Build | Farm |
| 25:33 | Build | Farm |
| 25:37 | Create | Villager (Male) |
| 25:43 | Build | Farm |
| 26:01 | Create | Villager (Male) |
| 26:29 | Create | Villager (Male) |
| 26:39 | Create | Villager (Male) |
| 26:54 | Create | Monk |
| 26:57 | Build | Farm |
| 26:57 | Build | Farm |
| 27:00 | Research | Heavy Plow |
| 27:02 | Build | Farm |
| 27:03 | Build | Farm |
| 27:03 | Build | Farm |
| 27:22 | Build | Fish Trap |
| 27:27 | Create | Villager (Male) |
| 27:43 | Build | Farm |
| 27:46 | Build | Farm |
| 27:49 | Build | Farm |
| 27:52 | Create | Villager (Male) |
| 28:08 | Build | Fish Trap |
| 28:19 | Create | Villager (Male) |
| 28:25 | Build | Fish Trap |
| 28:42 | Build | Farm |
| 28:53 | Build | Farm |
| 28:55 | Create | Villager (Male) |
| 29:07 | Build | Fish Trap |
| 29:43 | Research | Imperial Age |
| 29:52 | Build | University |
| 29:55 | Build | House |
| 30:55 | Build | House |
| 31:34 | Research | Wheelbarrow |
| 31:39 | Build | House |
| 31:41 | Build | House |
| 31:54 | Build | Siege Workshop |
| 32:53 | Age | Imperial Age |
Build order — [Heals] Teutonic Fortress
First 150 of 174 actions detected
| 0:00 | Create | Villager (Male) |
| 0:00 | Create | Villager (Male) |
| 0:01 | Create | Villager (Male) |
| 0:01 | Create | Villager (Male) |
| 0:01 | Create | Villager (Male) |
| 0:01 | Create | Villager (Male) |
| 0:02 | Build | House |
| 0:03 | Build | House |
| 1:40 | Build | Mill |
| 2:03 | Build | Farm |
| 3:20 | Build | Farm |
| 4:07 | Build | Farm |
| 4:22 | Build | Lumber Camp |
| 9:29 | Build | Town Center |
| 11:16 | Create | Villager (Male) |
| 11:16 | Create | Villager (Male) |
| 11:17 | Create | Villager (Male) |
| 11:17 | Create | Villager (Male) |
| 11:17 | Create | Villager (Male) |
| 12:45 | Build | Mill |
| 12:46 | Create | Villager (Male) |
| 12:46 | Create | Villager (Male) |
| 12:46 | Create | Villager (Male) |
| 13:28 | Build | House |
| 13:32 | Create | Villager (Male) |
| 13:32 | Create | Villager (Male) |
| 13:32 | Create | Villager (Male) |
| 13:32 | Create | Villager (Male) |
| 13:32 | Create | Villager (Male) |
| 13:32 | Create | Villager (Male) |
| 14:03 | Create | Villager (Male) |
| 14:03 | Create | Villager (Male) |
| 14:04 | Create | Villager (Male) |
| 14:04 | Create | Villager (Male) |
| 14:04 | Create | Villager (Male) |
| 14:19 | Create | Villager (Male) |
| 14:19 | Create | Villager (Male) |
| 14:19 | Create | Villager (Male) |
| 14:19 | Create | Villager (Male) |
| 14:54 | Create | Villager (Male) |
| 14:55 | Create | Villager (Male) |
| 15:07 | Create | Villager (Male) |
| 15:07 | Create | Villager (Male) |
| 15:07 | Create | Villager (Male) |
| 15:32 | Create | Villager (Male) |
| 15:32 | Create | Villager (Male) |
| 15:32 | Create | Villager (Male) |
| 15:50 | Create | Villager (Male) |
| 15:50 | Create | Villager (Male) |
| 15:50 | Create | Villager (Male) |
| 15:50 | Create | Villager (Male) |
| 15:51 | Create | Villager (Male) |
| 16:39 | Create | Villager (Male) |
| 16:39 | Create | Villager (Male) |
| 16:57 | Create | Villager (Male) |
| 16:57 | Create | Villager (Male) |
| 16:57 | Create | Villager (Male) |
| 16:57 | Create | Villager (Male) |
| 17:18 | Create | Villager (Male) |
| 17:18 | Create | Villager (Male) |
| 17:18 | Create | Villager (Male) |
| 17:18 | Create | Villager (Male) |
| 17:18 | Create | Villager (Male) |
| 17:18 | Create | Villager (Male) |
| 17:18 | Create | Villager (Male) |
| 17:30 | Create | Villager (Male) |
| 17:30 | Create | Villager (Male) |
| 17:30 | Create | Villager (Male) |
| 18:03 | Create | Villager (Male) |
| 18:03 | Create | Villager (Male) |
| 18:12 | Build | House |
| 18:17 | Research | Loom |
| 18:19 | Create | Villager (Male) |
| 18:38 | Create | Villager (Male) |
| 19:08 | Create | Villager (Male) |
| 19:29 | Research | Feudal Age |
| 19:46 | Build | Dock |
| 19:56 | Create | Villager (Male) |
| 20:22 | Build | House |
| 20:25 | Build | House |
| 20:29 | Create | Fishing Ship |
| 20:29 | Create | Fishing Ship |
| 20:35 | Build | House |
| 20:40 | Create | Villager (Male) |
| 21:00 | Create | Villager (Male) |
| 21:05 | Create | Fishing Ship |
| 21:10 | Create | Villager (Male) |
| 21:29 | Create | Villager (Male) |
| 21:41 | Age | Feudal Age |
| 21:50 | Create | Villager (Male) |
| 22:01 | Build | Market |
| 22:13 | Build | Blacksmith |
| 22:16 | Create | Villager (Male) |
| 22:40 | Create | Villager (Male) |
| 22:43 | Create | Fishing Ship |
| 22:56 | Build | Farm |
| 22:58 | Build | Farm |
| 23:03 | Create | Villager (Male) |
| 23:14 | Build | Farm |
| 23:21 | Build | Farm |
| 23:23 | Build | Farm |
| 23:25 | Build | Farm |
| 23:28 | Build | Farm |
| 23:39 | Build | Farm |
| 23:43 | Build | Farm |
| 23:43 | Create | Villager (Male) |
| 23:44 | Create | Villager (Male) |
| 23:44 | Create | Villager (Male) |
| 23:48 | Build | Farm |
| 23:50 | Build | Farm |
| 23:55 | Build | Farm |
| 23:56 | Create | Villager (Male) |
| 24:14 | Build | Farm |
| 24:17 | Build | Farm |
| 24:18 | Build | Farm |
| 24:20 | Build | Farm |
| 24:23 | Build | Farm |
| 24:27 | Create | Villager (Male) |
| 25:30 | Research | Castle Age |
| 25:41 | Create | Villager (Male) |
| 25:58 | Build | Mining Camp |
| 26:56 | Research | Gold Mining |
| 27:09 | Build | Fish Trap |
| 27:31 | Research | Tech 906 |
| 28:10 | Age | Castle Age |
| 28:54 | Build | Fish Trap |
| 29:11 | Build | Fish Trap |
| 29:57 | Build | University |
| 30:09 | Build | Monastery |
| 30:23 | Create | Villager (Male) |
| 31:02 | Research | Imperial Age |
| 31:02 | Research | Imperial Age |
| 31:15 | Create | Villager (Male) |
| 31:29 | Create | Villager (Male) |
| 31:35 | Create | Villager (Male) |
| 31:49 | Build | Barracks |
| 32:10 | Create | Villager (Male) |
| 32:19 | Research | Wheelbarrow |
| 32:25 | Research | Padded Archer Armor |
| 32:32 | Create | Villager (Male) |
| 32:52 | Build | Barracks |
| 32:54 | Create | Villager (Male) |
| 33:07 | Create | Trade Cart |
| 33:46 | Research | Leather Archer Armor |
| 33:49 | Create | Villager (Male) |
| 34:01 | Build | Archery Range |
| 34:12 | Age | Imperial Age |
| 34:20 | Create | Villager (Male) |
| 34:56 | Research | Chemistry |
| 34:56 | Research | Chemistry |
Build order — sarboyazilim00
First 150 of 223 actions detected
| 0:03 | Research | Loom |
| 0:03 | Research | Loom |
| 0:03 | Create | Villager (Male) ×4 |
| 0:04 | Create | Villager (Male) ×4 |
| 0:06 | Build | House |
| 0:08 | Build | House |
| 0:10 | Build | House |
| 2:12 | Create | Villager (Male) |
| 2:12 | Create | Villager (Male) |
| 2:27 | Create | Villager (Male) |
| 2:28 | Create | Villager (Male) |
| 2:47 | Create | Villager (Male) |
| 2:47 | Create | Villager (Male) |
| 3:24 | Create | Villager (Male) |
| 3:25 | Create | Villager (Male) |
| 3:31 | Create | Villager (Male) |
| 3:31 | Create | Villager (Male) |
| 4:00 | Create | Villager (Male) |
| 4:00 | Create | Villager (Male) |
| 4:27 | Build | Settlement |
| 4:47 | Create | Villager (Male) |
| 4:47 | Create | Villager (Male) |
| 5:17 | Create | Villager (Male) |
| 5:18 | Create | Villager (Male) ×4 |
| 5:18 | Create | Villager (Male) |
| 5:45 | Create | Villager (Male) |
| 5:45 | Create | Villager (Male) |
| 6:16 | Create | Villager (Male) |
| 6:17 | Create | Villager (Male) |
| 6:17 | Create | Villager (Male) |
| 6:17 | Create | Villager (Male) |
| 6:48 | Create | Villager (Male) |
| 6:48 | Create | Villager (Male) |
| 7:01 | Build | Dock |
| 7:16 | Create | Villager (Male) ×3 |
| 8:00 | Create | Fishing Ship ×2 |
| 8:56 | Research | Feudal Age |
| 8:57 | Research | Feudal Age |
| 9:57 | Build | Settlement |
| 10:13 | Create | Villager (Male) ×5 |
| 10:20 | Create | Fishing Ship |
| 10:21 | Create | Fishing Ship |
| 10:21 | Create | Fishing Ship |
| 11:06 | Age | Feudal Age |
| 11:53 | Build | Settlement |
| 12:01 | Build | Farm |
| 12:14 | Build | Market |
| 13:05 | Build | Blacksmith |
| 13:14 | Create | Villager (Male) ×5 |
| 13:46 | Build | Settlement |
| 14:08 | Research | Double-Bit Axe |
| 14:12 | Research | Horse Collar |
| 15:00 | Research | Tech 906 |
| 15:35 | Build | Farm |
| 15:48 | Research | Castle Age |
| 15:49 | Research | Castle Age |
| 16:31 | Build | Fish Trap |
| 16:40 | Build | Fish Trap |
| 16:50 | Build | Fish Trap |
| 16:56 | Build | Fish Trap |
| 17:29 | Build | Fish Trap |
| 18:27 | Create | Villager (Male) ×5 |
| 18:28 | Age | Castle Age |
| 18:40 | Build | Town Center |
| 18:47 | Research | Gillnets |
| 19:17 | Build | Settlement |
| 19:42 | Research | Stone Mining |
| 20:02 | Create | Villager (Male) ×5 |
| 20:06 | Create | Villager (Male) ×5 |
| 20:48 | Create | Villager (Male) ×5 |
| 21:04 | Research | Gold Mining |
| 21:15 | Build | Farm |
| 21:15 | Build | Farm |
| 21:16 | Build | Farm |
| 21:16 | Build | Farm |
| 21:16 | Build | Farm |
| 21:16 | Build | Farm |
| 21:17 | Build | Farm |
| 21:17 | Build | Farm |
| 21:17 | Build | Farm |
| 21:18 | Build | Farm |
| 21:18 | Build | Farm |
| 21:18 | Build | Farm |
| 21:18 | Build | Farm |
| 21:54 | Create | Villager (Male) |
| 21:54 | Create | Villager (Male) |
| 22:07 | Build | Farm |
| 22:07 | Build | Farm |
| 22:08 | Build | Farm |
| 22:08 | Build | Farm |
| 22:08 | Build | Farm |
| 22:08 | Build | Farm |
| 22:09 | Build | Farm |
| 22:09 | Build | Farm |
| 22:09 | Build | Farm |
| 22:09 | Build | Farm |
| 22:10 | Build | Farm |
| 22:10 | Build | Farm |
| 22:10 | Build | Farm |
| 22:26 | Research | Bow Saw |
| 22:45 | Build | Farm |
| 22:58 | Create | Villager (Male) ×5 |
| 23:57 | Build | Farm |
| 23:59 | Build | Farm |
| 24:00 | Build | Farm |
| 24:01 | Build | Farm |
| 24:04 | Build | Farm |
| 24:08 | Build | Farm |
| 24:09 | Build | Farm |
| 24:10 | Build | Farm |
| 24:12 | Build | Farm |
| 24:12 | Build | Farm |
| 24:13 | Build | Farm |
| 24:19 | Build | Farm |
| 24:21 | Build | Farm |
| 24:22 | Build | Farm |
| 24:28 | Create | Villager (Male) ×5 |
| 24:30 | Create | Villager (Male) |
| 24:31 | Create | Villager (Male) |
| 24:31 | Create | Villager (Male) |
| 24:31 | Create | Villager (Male) |
| 24:33 | Create | Villager (Male) |
| 24:53 | Research | Caravan |
| 24:53 | Research | Caravan |
| 25:24 | Build | Castle |
| 25:32 | Research | Heavy Plow |
| 25:41 | Create | Demolition Raft ×5 |
| 25:45 | Create | Fishing Ship ×5 |
| 25:59 | Build | Town Center |
| 26:46 | Build | Fish Trap |
| 26:58 | Create | Villager (Male) |
| 26:58 | Create | Villager (Male) |
| 27:08 | Create | Villager (Male) ×5 |
| 27:13 | Build | Fish Trap |
| 27:21 | Build | Farm |
| 27:23 | Create | Villager (Male) ×5 |
| 27:28 | Create | Trade Cart ×5 |
| 27:28 | Create | Trade Cart ×5 |
| 27:29 | Create | Trade Cart |
| 27:47 | Build | Castle |
| 27:54 | Build | Fish Trap |
| 28:18 | Build | Farm |
| 28:41 | Build | Fish Trap |
| 28:57 | Research | Wheelbarrow |
| 28:59 | Research | Town Watch |
| 29:01 | Research | Imperial Age |
| 29:20 | Create | Villager (Male) |
| 29:23 | Create | Villager (Male) |
| 29:35 | Create | Villager (Male) |
| 29:35 | Create | Villager (Male) |
Build order — Emotions are prohibited
First 150 of 303 actions detected
| 0:04 | Research | Loom |
| 0:06 | Build | House |
| 0:08 | Build | House |
| 0:44 | Create | Villager (Male) |
| 0:45 | Create | Villager (Male) |
| 0:45 | Create | Villager (Male) |
| 0:45 | Create | Villager (Male) |
| 0:46 | Create | Villager (Male) |
| 2:03 | Build | Palisade Wall |
| 2:45 | Build | Palisade Wall |
| 3:22 | Build | Palisade Wall |
| 3:28 | Create | Villager (Male) |
| 3:33 | Build | Mill |
| 3:40 | Build | House |
| 3:52 | Create | Villager (Male) |
| 4:40 | Create | Villager (Male) |
| 5:18 | Create | Villager (Male) |
| 5:35 | Create | Villager (Male) |
| 5:47 | Create | Villager (Male) |
| 6:12 | Create | Villager (Male) |
| 6:22 | Build | Lumber Camp |
| 6:42 | Create | Villager (Male) |
| 6:51 | Create | Villager (Male) |
| 7:22 | Create | Villager (Male) |
| 7:37 | Build | House |
| 7:39 | Build | House |
| 7:42 | Create | Villager (Male) |
| 8:12 | Create | Villager (Male) |
| 8:27 | Create | Villager (Male) |
| 8:58 | Build | Mill |
| 9:02 | Create | Villager (Male) |
| 9:37 | Build | Outpost |
| 9:39 | Build | Outpost |
| 9:41 | Build | Outpost |
| 9:44 | Create | Villager (Male) |
| 10:16 | Create | Villager (Male) |
| 10:34 | Create | Villager (Male) |
| 10:38 | Build | Mining Camp |
| 10:50 | Create | Villager (Male) |
| 11:17 | Research | Feudal Age |
| 11:55 | Build | Mill |
| 12:01 | Build | House |
| 13:44 | Age | Feudal Age |
| 13:49 | Build | Market |
| 13:56 | Create | Villager (Male) |
| 13:57 | Create | Villager (Male) |
| 13:57 | Create | Villager (Male) |
| 13:57 | Create | Villager (Male) |
| 14:04 | Research | Double-Bit Axe |
| 14:33 | Create | Villager (Male) |
| 15:13 | Create | Villager (Male) |
| 15:17 | Build | Blacksmith |
| 15:35 | Create | Villager (Male) |
| 15:40 | Research | Horse Collar |
| 16:04 | Create | Villager (Male) |
| 16:08 | Build | Mining Camp |
| 16:29 | Build | House |
| 16:30 | Build | House |
| 16:47 | Research | Castle Age |
| 17:15 | Build | Lumber Camp |
| 17:23 | Build | House |
| 17:25 | Build | House |
| 17:39 | Build | Dock |
| 18:42 | Build | Stone Wall |
| 18:44 | Build | Gate |
| 18:47 | Build | Stone Wall |
| 18:53 | Create | Fishing Ship |
| 19:56 | Age | Castle Age |
| 19:59 | Build | Town Center |
| 20:02 | Research | Bow Saw |
| 20:05 | Research | Heavy Plow |
| 20:09 | Research | Tech 906 |
| 20:10 | Create | Fishing Ship |
| 20:16 | Build | Town Center |
| 20:18 | Create | Villager (Male) |
| 20:46 | Create | Fishing Ship |
| 20:48 | Create | Villager (Male) |
| 21:33 | Research | Town Watch |
| 21:38 | Build | Farm |
| 21:47 | Build | Farm |
| 21:48 | Build | Farm |
| 21:48 | Build | Farm |
| 21:48 | Build | Farm |
| 21:48 | Build | Farm |
| 21:51 | Create | Villager (Male) |
| 22:00 | Build | Town Center |
| 22:16 | Build | University |
| 22:30 | Create | Fishing Ship |
| 22:59 | Create | Villager (Male) |
| 23:09 | Build | Farm |
| 23:09 | Build | Farm |
| 23:09 | Build | Farm |
| 23:10 | Build | Farm |
| 23:18 | Build | Farm |
| 23:32 | Create | Villager (Male) |
| 23:33 | Create | Villager (Male) |
| 23:33 | Create | Villager (Male) |
| 23:39 | Build | Farm |
| 23:44 | Build | Farm |
| 24:08 | Create | Villager (Male) |
| 24:14 | Build | Monastery |
| 24:15 | Build | Farm |
| 24:21 | Build | Farm |
| 24:26 | Build | Farm |
| 24:27 | Create | Villager (Male) |
| 24:39 | Create | Villager (Male) |
| 24:50 | Create | Villager (Male) |
| 24:50 | Create | Villager (Male) |
| 24:50 | Create | Villager (Male) |
| 24:55 | Create | Monk |
| 25:01 | Build | Farm |
| 25:04 | Build | Farm |
| 25:06 | Build | Farm |
| 25:13 | Build | Farm |
| 25:15 | Create | Villager (Male) |
| 25:15 | Create | Villager (Male) |
| 25:15 | Create | Villager (Male) |
| 25:17 | Build | Farm |
| 25:19 | Build | Farm |
| 25:22 | Build | Farm |
| 25:25 | Build | House |
| 25:27 | Build | Farm |
| 25:30 | Build | Farm |
| 26:38 | Research | Gillnets |
| 26:44 | Research | Wheelbarrow |
| 26:45 | Create | Villager (Male) |
| 26:45 | Create | Villager (Male) |
| 26:45 | Create | Villager (Male) |
| 26:46 | Create | Villager (Male) |
| 26:46 | Create | Villager (Male) |
| 26:47 | Create | Villager (Male) |
| 26:47 | Create | Villager (Male) |
| 26:47 | Create | Villager (Male) |
| 26:51 | Build | Farm |
| 26:56 | Build | Siege Workshop |
| 27:06 | Build | House |
| 27:07 | Build | House |
| 27:13 | Build | Farm |
| 27:18 | Build | Farm |
| 27:36 | Build | Farm |
| 27:39 | Build | Farm |
| 27:41 | Research | Gold Mining |
| 27:46 | Build | Fish Trap |
| 27:50 | Build | Fish Trap |
| 27:55 | Build | Fish Trap |
| 28:07 | Build | Fish Trap |
| 28:13 | Create | Villager (Male) |
| 28:14 | Create | Villager (Male) |
| 28:14 | Create | Villager (Male) |
| 28:14 | Create | Villager (Male) |
Match timeline
| 2:03 | Emotions are prohibited · wall_segment Palisade Wall x8 |
| 2:19 | [Heals] Franz · wall_segment Palisade Wall x9 |
| 2:45 | Emotions are prohibited · wall_segment Palisade Wall x1 |
| 3:20 | mussmaxx · wall_segment Palisade Wall x6 |
| 3:22 | Emotions are prohibited · wall_segment Palisade Wall x1 |
| 3:38 | [Heals] Franz · wall_segment Palisade Wall x3 |
| 3:40 | [Heals] Franz · wall_segment Palisade Wall x1 |
| 4:07 | [Heals] Franz · wall_segment Palisade Wall x1 |
| 4:09 | [Heals] Franz · wall_segment Palisade Wall x1 |
| 4:22 | [Heals] Franz · wall_segment Palisade Wall x1 |
| 4:41 | [Heals] Franz · wall_segment Palisade Wall x1 |
| 4:45 | [Heals] Franz · wall_segment Palisade Wall x1 |
| 7:01 | sarboyazilim00 · first_building Dock |
| 7:47 | [Heals] Franz · wall_segment Palisade Wall x1 |
| 7:49 | [Heals] Franz · wall_segment Palisade Wall x1 |
| 9:51 | [Heals] Franz · first_building Dock |
| 10:15 | [Heals] Franz · wall_segment Palisade Wall x2 |
| 10:17 | [Heals] Franz · wall_segment Palisade Wall x1 |
| 11:06 | sarboyazilim00 · age_up feudal |
| 12:12 | [Heals] Franz · wall_segment Palisade Wall x1 |
| 12:17 | [Heals] Franz · wall_segment Palisade Wall x3 |
| 12:19 | [Heals] Franz · wall_segment Palisade Wall x1 |
| 12:22 | [Heals] Franz · wall_segment Palisade Wall x2 |
| 12:53 | MurallaMuerta · age_up feudal |
| 13:44 | Emotions are prohibited · age_up feudal |
| 14:10 | [Heals] Franz · age_up feudal |
| 14:39 | [Heals] Franz · wall_segment Stone Wall x1 |
| 14:41 | [Heals] Franz · wall_segment Stone Wall x1 |
| 14:42 | mussmaxx · wall_segment Stone Wall x11 |
| 15:25 | mussmaxx · first_building Barracks |
| 15:26 | [Heals] Franz · wall_segment Stone Wall x1 |
| 16:46 | Emotions are prohibited · first_market_sell 100 food |
| 17:04 | [Heals] Franz · wall_segment Palisade Wall x1 |
| 17:39 | Emotions are prohibited · first_building Dock |
| 18:22 | mussmaxx · first_building Archery Range |
| 18:28 | sarboyazilim00 · age_up castle |
| 18:42 | Emotions are prohibited · wall_segment Stone Wall x1 |
| 18:47 | Emotions are prohibited · wall_segment Stone Wall x5 |
| 18:48 | MurallaMuerta · age_up castle |
| 19:44 | [Heals] Franz · first_market_sell 100 wood |
| 19:46 | [Heals] Teutonic Fortress · first_building Dock |
| 19:47 | [Heals] Franz · first_market_buy 100 food |
| 19:56 | Emotions are prohibited · age_up castle |
| 21:05 | MurallaMuerta · first_building Castle |
| 21:41 | [Heals] Teutonic Fortress · age_up feudal |
| 22:26 | MurallaMuerta · first_building Siege Workshop |
| 22:39 | [Heals] Franz · age_up castle |
| 22:50 | [Heals] Franz · first_building Castle |
| 22:56 | [Heals] Franz · first_building Siege Workshop |
| 22:57 | mussmaxx · first_building Stable |
| 23:07 | mussmaxx · first_building Monastery |
| 24:14 | Emotions are prohibited · first_building Monastery |
| 25:07 | mussmaxx · first_building Siege Workshop |
| 25:20 | [Heals] Franz · first_building Monastery |
| 25:24 | [Heals] Teutonic Fortress · first_market_sell 100 stone |
| 25:24 | sarboyazilim00 · first_building Castle |
| 26:00 | mussmaxx · first_building Castle |
| 26:56 | Emotions are prohibited · first_building Siege Workshop |
| 27:00 | MurallaMuerta · wall_segment Stone Wall x3 |
| 27:12 | MurallaMuerta · first_market_sell 100 wood |
| 28:10 | [Heals] Teutonic Fortress · age_up castle |
| 29:31 | Emotions are prohibited · wall_segment Stone Wall x8 |
| 29:32 | MurallaMuerta · wall_segment Stone Wall x1 |
| 29:52 | [Heals] Teutonic Fortress · first_market_buy 100 wood |
| 30:00 | Emotions are prohibited · first_building Barracks |
| 30:09 | [Heals] Teutonic Fortress · first_building Monastery |
| 30:44 | sarboyazilim00 · first_market_buy 100 stone |
| 30:52 | MurallaMuerta · age_up imperial |
| 31:00 | Emotions are prohibited · first_building Castle |
| 31:39 | MurallaMuerta · wall_segment Stone Wall x4 |
| 31:42 | Emotions are prohibited · first_building Archery Range |
| 31:49 | [Heals] Teutonic Fortress · first_building Barracks |
| 32:11 | sarboyazilim00 · age_up imperial |
| 32:53 | [Heals] Franz · age_up imperial |
| 33:06 | Emotions are prohibited · wall_segment Stone Wall x8 |
| 33:20 | sarboyazilim00 · first_market_sell 500 food |
| 34:01 | [Heals] Teutonic Fortress · first_building Archery Range |
| 34:12 | [Heals] Teutonic Fortress · age_up imperial |
| 37:06 | Emotions are prohibited · age_up imperial |
| 38:03 | MurallaMuerta · first_market_buy 100 stone |
| 38:54 | [Heals] Franz · wall_segment Palisade Wall x1 |
| 39:03 | Emotions are prohibited · first_market_buy 100 stone |
| 39:26 | MurallaMuerta · wall_segment Stone Wall x12 |
| 39:39 | MurallaMuerta · wall_segment Stone Wall x12 |
| 39:41 | MurallaMuerta · wall_segment Stone Wall x8 |
| 40:33 | Emotions are prohibited · resign |
[ AI ANALYSIS · 1 CREDIT ]
What really happened in this match?
Wolo.gg analyzes every decision: build order, eco, micro, common mistakes by bracket. Personalized analysis on WhatsApp or Discord in 30 seconds.
Civ guide
Bengalis
Perfil
Jugador #1753225